 Dungeon Crawl Stone Soup version 0.30.1 (webtiles) character file.

Game seed: 657995515653264208

377 cdecastro the Trooper (level 6, -3/60 HPs)
             Began as a Hill Orc Fighter on July 1, 2023.
             Slain by a gnoll bouda
             ... wielding a +0 club
              (5 damage)
             ... on level 4 of the Dungeon on July 2, 2023.
             The game lasted 00:04:58 (2605 turns).

cdecastro the Trooper (Hill Orc Fighter)            Turns: 2605, Time: 00:04:59

Health: -3/60      AC:  9    Str: 21    XL:     6   Next: 73%
Magic:  6/6        EV:  9    Int:  8    God:
Gold:   308        SH:  4    Dex: 10    Spells: 5/5 levels left

rFire   . . .        b - +0 war axe (flame)
rCold   . . .        c - +0 buckler
rNeg    . . .        q - +0 scale mail
rPois   .            m - +0 helmet
rElec   .            (no cloak)
rCorr   .            o - +0 pair of gloves
SInv    .            (no boots)
Will    .....        (no amulet) Stlth
                     (no ring)
HPRegen 0.30/turn    (no ring)
MPRegen 0.10/turn

%: no passive effects
@: mighty, weakened
A: no striking features
a: no special abilities


You were on level 4 of the Dungeon.
You visited 1 branch of the dungeon, and saw 4 of its levels.

You collected 308 gold pieces.

Inventory:

Hand Weapons
 a - the +8 dagger of the Fifty Places {venom, rCorr}
   (You found it on level 2 of the Dungeon)

   rCorr:     It protects you from acid and corrosion.
 b - a +0 war axe of flaming (weapon)
Missiles
 r - 4 poisoned darts (quivered)
Armour
 c - a +0 buckler (worn)
 m - a +0 helmet (worn)
 o - a +0 pair of gloves (worn)
 q - a +0 scale mail (worn)
Wands
 p - a wand of paralysis (3)
Scrolls
 e - 2 scrolls of teleportation {unknown}
 h - 7 scrolls of identify {unknown}
 k - a scroll of butterflies {unknown}
 l - a scroll of blinking {unknown}
 t - a scroll of magic mapping {unknown}
 u - a scroll of noise {unknown}
 v - a scroll of poison {unknown}
Potions
 d - a potion of might
 f - 2 potions of invisibility {unknown}
 g - 2 potions of haste {unknown}
 i - a potion of lignification {unknown}
 j - 3 potions of curing {unknown}
 n - a potion of resistance {unknown}
 s - a potion of attraction {unknown}
 w - a potion of experience {unknown}


   Skills:
 * Level 7.5 Fighting
 + Level 5.6 Axes
 - Level 3.2 Armour
 - Level 3.2 Shields


You had 5 spell levels left.
You didn't know any spells.
Your spell library contained the following spells:

 Spells                   Type           Power      Damage    Failure   Level
 Slow                     Hex            0%         N/A       82%         1
 Cigotuvi's Dreadful Rot  Necr/Pois/Air  0%         N/A       91%         2
 Lesser Beckoning         Tloc           0%         N/A       91%         2
 Gell's Gravitas          Tloc           0%         N/A       99%         3
 Inner Flame              Hex/Fire       0%         N/A       99%         3
 Teleport Other           Tloc           0%         N/A       99%         3
 Dispel Undead            Necr           0%         3d6       100%        4
 Flame Wave               Conj/Fire      0%         2d4       100%        4
 Sticky Flame             Conj/Fire      0%         2d3       100%        4
 Death Channel            Necr           0%         N/A       100%        6


Dungeon Overview and Level Annotations

Branches:
Dungeon (4/15)
 Temple: D:4-7

Altars:

Shops:
D:2 [   D:3 [

Annotations:
D:4 2 transporters


Message History

You barely miss the gnoll bouda. The gnoll hits you but does no damage.
The gnoll bouda mumbles some strange prayers to its god.
The gnoll bouda is healed somewhat.
You block the gnoll's attack.
Unknown command.
Unknown command.
Unknown command.
You slice the gnoll!! You burn the gnoll.
You kill the gnoll!
You closely miss the gnoll bouda.
The gnoll bouda gazes fiercely through you!
You feel as though you will be weak longer.
The gnoll bouda hits you but does no damage.
Unknown command.
Unknown command.
Unknown command.
You closely miss the gnoll bouda.
The gnoll bouda is moderately wounded.
The gnoll bouda hits you with a +0 club.
* * * LOW HITPOINT WARNING * * *
The gnoll bouda completely misses you.
Unknown command.
Unknown command.
You hit the gnoll bouda. You burn the gnoll bouda.
The gnoll bouda is severely wounded.
The gnoll is no longer moving quickly.
The gnoll bouda barely misses you.
Unknown command.
You hit the gnoll bouda. You burn the gnoll bouda.
The gnoll bouda is almost dead.
The gnoll bouda hits you with a +0 club.
* * * LOW HITPOINT WARNING * * *
Unknown command.
You closely miss the gnoll bouda.
The gnoll bouda is almost dead.
The gnoll bouda hits you with a +0 club.
* * * LOW HITPOINT WARNING * * *
Unknown command.
You barely miss the gnoll bouda.
The gnoll bouda is almost dead.
The gnoll bouda hits you with a +0 club.
You die... ....... ..##.. ##...... ...# ....... .. #..# ..$... .# #.## ....##. .. #.. gSg...

.... .... gg#.### .... ....> .#
#g#...##...### ...... ##...
#@#........#8.©
........#.....##)).....# .#P.$
..#. #.....#......)....##.###+
..####....##..?..##.......#~..
..##.............###......#S..
...#...# ........#.......#~..
..##.#.# .................#~.♣
.....#.###.....##..#......#~..
.........#......####>.....#~...


You could see a gnoll bouda, 3 gnolls, a goblin and a ball python.

Vanquished Creatures
  4 wights (D:4)
  An orc wizard (D:3)
  A gnoll (D:4)
  4 adders (D:4)
  A shadow imp (D:3)
  A worm (D:2)
  11 dart slugs
  7 orcs
  3 bats
  3 endoplasms
  A giant cockroach (D:1)
  4 goblins
  2 hobgoblins
  4 jackals (D:1)
  5 kobolds
  A quokka (D:2)
  4 ball pythons
  2 frilled lizards
  3 rats
62 creatures vanquished.

Notes
Turn   | Place    | Note
-------+----------+-------------------------------------------
     0 | D:1      | cdecastro the Hill Orc Fighter began the quest for the Orb.
     0 | D:1      | Reached XP level 1. HP: 19/19 MP: 1/1
    82 | D:1      | Upgraded the game from 0.30.0-30-g96aa6591b8 to 0.30.1
    96 | D:1      | Reached skill level 4 in Fighting
   193 | D:1      | Reached XP level 2. HP: 27/27 MP: 2/2
   852 | D:2      | Identified the +8 dagger of the Fifty Places {venom, rCorr}
   942 | D:2      | Reached XP level 3. HP: 33/34 MP: 3/3
  1093 | D:2      | Found Zetiu's Armour Emporium.
  1151 | D:2      | Found a faded altar of an unknown god.
  1156 | D:2      | Got Plato's Atlas of Bewitchment
  1716 | D:3      | Found Dukugev's Antique Armour Boutique.
  1754 | D:3      | Reached skill level 5 in Fighting
  1881 | D:3      | Reached XP level 4. HP: 39/42 MP: 4/4
  2413 | D:4      | Reached XP level 5. HP: 48/50 MP: 5/5
  2468 | D:4      | Reached skill level 6 in Fighting
  2548 | D:4      | Found a transporter.
  2564 | D:4      | Found a transporter.
  2595 | D:4      | Reached skill level 7 in Fighting
  2595 | D:4      | Reached skill level 5 in Axes
  2595 | D:4      | Reached XP level 6. HP: 6/60 MP: 6/6
  2603 | D:4      | HP: 3/60 [gnoll bouda/+0 club (2)]
  2605 | D:4      | Slain by a gnoll bouda

Illustrated notes

Levels and vault maps discovered:
D:1:      onia_arrival_pentagram, layout_basic
D:2:      layout_loops_ring, serial_shops, shop,
          shapermc_ecumenical_altar_rom_forum
D:3:      kennysheep_slugbush, layout_basic, serial_shops, shop
D:4:      gammafunk_steamed_eel, layout_cave_pools, nicolae_figureground_sparkle

Skill      XL: |  1  2  3  4  5 |
---------------+----------------+-----
Fighting       | 4 5 7 |  7.5
Axes           | 3 4 5 |  5.6
Armour         | |  3.2
Shields        | |  3.2

Action                     |  1- 3 |  4- 6 || total
---------------------------+-------+-------++-------
  Melee: War axe           |    31 |    14 ||    45
         Dagger            |    42 |    61 ||   103
    Use: Potion            |       |     1 ||     1
 Armour: Scale mail        |    38 |    24 ||    62
  Dodge: Dodged            |    39 |    31 ||    70
  Block: Buckler           |    16 |    15 ||    31
